 Dungeon Crawl Stone Soup version 0.22-a0-42-g002c468 (webtiles) character file.

23 tidbits the Grave Robber (level 2, -3/20 HPs)
             Began as a Gnoll Necromancer on Jan 5, 2018.
             Slain by a gnoll (5 damage)
             ... on level 3 of the Dungeon.
             The game lasted 00:02:14 (149 turns).

tidbits the Grave Robber (Gnoll Necromancer)         Turns: 149, Time: 00:02:15

Health: -3/20      AC:  2    Str: 10    XL:     2   Next: 95%
Magic:  4/7        EV: 14    Int: 17    God:
Gold:   23         SH:  0    Dex: 15    Spells: 8/10 levels left

rFire    . . .     SeeInvis .   (no weapon)
rCold    . . .     Gourm    .   (no shield)
rNeg     . . .     Faith    +   a - +0 robe
rPois    .         Spirit   .   (no helmet)
rElec    .         Reflect  .   (no cloak)
rCorr    .         Harm     .   (no gloves)
MR       .....                  (no boots)
Stlth    +++.......             e - amulet of faith
HPRegen  0.06/turn              (no ring)
MPRegen  0.10/turn              (no ring)

@: no status effects
A: distributed training, fangs 1, strong nose
a: no special abilities


You were on level 3 of the Dungeon.
You were not hungry.

You visited 1 branch of the dungeon, and saw 3 of its levels.

You collected 23 gold pieces.

Inventory:

Armour
 a - a +0 robe (worn)
Jewellery
 e - an amulet of faith (around neck)
   (You found it on level 2 of the Dungeon)
Scrolls
 i - a scroll of remove curse
Books
 b - a book of Necromancy

   Spells                             Type                      Level
   a - Pain                           Necromancy                   1
   b - Animate Skeleton               Necromancy                   1
   c - Vampiric Draining              Necromancy                   3
   d - Regeneration                   Charms/Necromancy            3
   e - Animate Dead                   Necromancy                   4
   f - Borgnjor's Vile Clutch         Necromancy/Earth             5
Comestibles
 c - 2 rations
 h - 2 chunks of flesh


   Skills:
 + Level 0.5 Fighting
 + Level 0.5 Short Blades
 + Level 0.5 Long Blades
 + Level 0.5 Axes
 + Level 0.5 Maces & Flails
 + Level 0.5 Polearms
 + Level 0.5 Staves
 + Level 0.5 Slings
 + Level 0.5 Bows
 + Level 0.5 Crossbows
 + Level 0.5 Throwing
 + Level 0.5 Armour
 + Level 4.5 Dodging
 + Level 4.1 Stealth
 + Level 0.5 Shields
 + Level 0.5 Unarmed Combat
 + Level 4.9 Spellcasting
 + Level 0.4 Conjurations
 + Level 0.4 Hexes
 + Level 0.4 Charms
 + Level 0.4 Summonings
 + Level 7.0 Necromancy
 + Level 0.4 Translocations
 + Level 0.4 Transmutations
 + Level 0.4 Fire Magic
 + Level 0.4 Ice Magic
 + Level 0.4 Air Magic
 + Level 0.4 Earth Magic
 + Level 0.4 Poison Magic
 + Level 0.7 Invocations
 + Level 0.5 Evocations


You had 8 spell levels left.
You knew the following spells:

 Your Spells              Type           Power        Failure   Level  Hunger
a - Pain                  Necr           ####         1%          1    None
n - Animate Skeleton      Necr           N/A          1%          1    None


Dungeon Overview and Level Annotations

Branches:
Dungeon (2/15)

Altars:


Innate Abilities, Weirdness & Mutations

Your experience applies equally to all skills.
You have very sharp teeth.
Your uncanny sense of smell can sniff out nearby items.


Message History

Casting: Pain
Confirm with . or Enter, or press ? or * to list all spells.
Aiming: Pain
Press: ? - help, Shift-Dir - straight line, f/p - worm
Aim: a worm (severely wounded, chance to defeat MR: 89%)
The worm writhes in agony!
You kill the worm!
You swap places.
c - 2 rations (gained 1)
Found 11 gold pieces.
Found a stone staircase leading up.
A frilled lizard comes into view.
You see here 11 gold pieces.
You now have 23 gold pieces (gained 11).
Casting: Pain
Confirm with . or Enter, or press ? or * to list all spells.
Aiming: Pain
Press: ? - help, Shift-Dir - straight line, f - frilled lizard
Aim: a frilled lizard (resting, chance to defeat MR: 93%)
The frilled lizard hisses angrily.
The frilled lizard writhes in agony!
You kill the frilled lizard!
Enter note: You swap places.
There is a stone staircase leading up here.
You climb upwards.
Your mindless thrall stays behind.
A frilled lizard, a bat, a rat and a dart slug come into view.
The frilled lizard hisses angrily.
Found a ring mail and a ration.
There is a stone staircase leading down here.
Casting: Pain
Confirm with . or Enter, or press ? or * to list all spells.
Aiming: Pain
Press: ? - help, Shift-Dir - straight line, f - frilled lizard
Aim: a frilled lizard (chance to defeat MR: 93%)
The frilled lizard writhes in agony!
You kill the frilled lizard!
The bat hits you.
* * * LOW HITPOINT WARNING * * *
The bat hits you but does no damage.
You climb downwards.
There is a stone staircase leading up here.
There is a stone staircase leading up here.
There is a shaft here.
Okay, then.
You swap places.
There is a shaft here.
You fall through a shaft!
The shaft crumbles and collapses.
Your mindless thrall stays behind.
A rat, a gnoll and a dart slug come into view.
Casting: Pain
Confirm with . or Enter, or press ? or * to list all spells.
Aiming: Pain
Press: ? - help, Shift-Dir - straight line, f - rat
Aim: a rat (chance to defeat MR: 93%)
The rat writhes in agony!
You kill the rat! 3 gnolls and an orc come into view.
The gnoll shouts! x3
Found a stone staircase leading up.
An adder comes into view.
Okay, then.
You hear a shout!
The adder moves out of view.
You hear a bark!
As you read the scroll labeled KUDIRO UPSOCH, it crumbles to dust.
The air around you briefly surges with heat, but it dissipates.
It was a scroll of immolation.
As you read the scroll labeled KUTTAUFEUT, it crumbles to dust.
You assume a fearsome visage.
Nothing appears to happen.
It was a scroll of fear.
As you read the scroll labeled CIOSEIL TORUD, it crumbles to dust.
It is a scroll of identify.
i - a scroll of remove curse You aren't carrying any potions.
Unknown command.
You see here a rat corpse.
The dart slug misses you.
Casting: Pain
Confirm with . or Enter, or press ? or * to list all spells.
Aiming: Pain
Press: ? - help, Shift-Dir - straight line, f - dart slug
Aim: a dart slug (clinging, chance to defeat MR: 93%)
The dart slug barely resists.
The gnoll shouts!
You hear a shout!
The dart slug bites you.
* * * LOW HITPOINT WARNING * * *
Casting: Pain
Confirm with . or Enter, or press ? or * to list all spells.
Aiming: Pain
Press: ? - help, Shift-Dir - straight line, f/p - dart slug
Aim: a dart slug (clinging, chance to defeat MR: 93%)
The dart slug writhes in agony!
The gnoll closely misses you.
The dart slug bites you but does no damage.
Casting: Pain
Confirm with . or Enter, or press ? or * to list all spells.
Aiming: Pain
Press: ? - help, Shift-Dir - straight line, f/p - dart slug
Aim: a dart slug (moderately wounded, clinging, chance to defeat MR: 93%)
The dart slug writhes in agony!
The gnoll hits you.
You die...

∆ ###########
#.g.gg.g..#
#†#######.# #g#
#.# #g# #g# #@#
#g# #w#######.#
.g......#g#
.........#.#
.......g.<#.#
...........#.#
#...........#.#
#.............#
.......###


You could see 4 gnolls and a dart slug.

Vanquished Creatures
  2 adders (D:2)
  A worm (D:2)
  2 frilled lizards
  A rat (D:3)
6 creatures vanquished.

Notes
Turn   | Place    | Note
-------+----------+-------------------------------------------
     0 | D:1      | tidbits the Gnoll Necromancer began the quest for the Orb.
     0 | D:1      | Reached XP level 1. HP: 13/13 MP: 6/6
     9 | D:2      | Reached XP level 2. HP: 16/19 MP: 3/7
    29 | D:2      | Learned a level 1 spell: Animate Skeleton
   103 | D:2      | You fall through a shaft!
   149 | D:3      | Slain by a gnoll

Vault maps used:
D:1:      dpeg_arrival_water_fire
D:2:      nicolae_overflow_crystal_walls, nicolae_overflow_hidden_temple,
          first_ration, chequers_ecumenical_altar_simple_redux, uniq_robin
D:3:      elyvilon_altar_1

Action                   || total
-------------------------++-------
 Cast: Pain              ||    13
       Animate Skeleton  ||     1
  Use: Scroll            ||     3
Armor: Robe              ||     2
Dodge: Dodged            ||     2

Table legend:
 A = Spawn XP
 B = Non-spawn XP
 C = Spawn XP percentage of total XP
 D = Spawn monster count
 E = Non-spawn monster count
 F = Spawn count percentage of total count
 G = Total turns spent on level
                    A         B        C        D         E        F      G
               +---------+---------+-------+---------+---------+-------+---------
         Total |       0 |      33 |   0.0 |       0 |       6 |   0.0 |   149
               +---------+---------+-------+---------+---------+-------+---------
           D:1 |       0 |       1 |   0.0 |       0 |       1 |   0.0 |     9
           D:2 |       0 |      31 |   0.0 |       0 |       4 |   0.0 |    94
           D:3 |       0 |       1 |   0.0 |       0 |       1 |   0.0 |    46
               +---------+---------+-------+---------+---------+-------+---------

Table legend:
 A = Turns spent in this place as a percentage of turns spent in the entire game.
 B = Non-inter-level travel turns spent in this place as a percentage of non-inter-level travel turns spent in the entire game.
 C = Inter-level travel turns spent in this place as a percentage of turns spent in this place.
 D = Turns resting spent in this place as a percentage of non-inter-level travel turns spent in this place.
 E = Turns spent auto-exploring this place as a percentage of non-inter-level travel turns spent in this place.
 F = Non-inter-level travel turns spent in this place divided by the number of levels of this place that you've seen.
                   A       B       C       D       E      F
               +-------+-------+-------+-------+-------+----------------------
         Total | 100.0 | 100.0 |   0.0 |   0.0 |   0.0 |  49.7
       Dungeon | 100.0 | 100.0 |   0.0 |   0.0 |   0.0 |  49.7
               +-------+-------+-------+-------+-------+----------------------

Table legend:
 A = Kills in this place as a percentage of kills in entire the game.
 B = Kills by you in this place as a percentage of kills by you in the entire game.
 C = Kills by friends in this place as a percentage of kills by friends in the entire game.
 D = Other kills in this place as a percentage of other kills in the entire game.
 E = Experience gained in this place as a percentage of experience gained in the entire game.
 F = Experience gained in this place divided by the number of levels of this place that you have seen.
                   A       B       C       D       E      F
               +-------+-------+-------+-------+-------+----------------------
         Total | 100.0 | 100.0 |   N/A |   N/A | 100.0 |  11.0
       Dungeon | 100.0 | 100.0 |   N/A |   N/A | 100.0 |  11.0
               +-------+-------+-------+-------+-------+----------------------

Vault maps used:
D:1:      dpeg_arrival_water_fire
D:2:      nicolae_overflow_crystal_walls, nicolae_overflow_hidden_temple,
          first_ration, chequers_ecumenical_altar_simple_redux, uniq_robin
D:3:      elyvilon_altar_1
